 Dungeon Crawl Stone Soup version 0.26-a0-668-gd58323b419 (webtiles) character file.

Game seed: 1234731431762946463

366830 marklar909 the Bludgeoner (level 23, -16/188 HPs)
             Began as a Formicid Abyssal Knight on Oct 18, 2020.
             Was the Champion of Lugonu.
             Demolished by a vault warden
             ... wielding a +0 long sword
              (35 damage)
             ... on level 4 of the Vaults on Oct 19, 2020.
             The game lasted 02:42:14 (67333 turns).

marklar909 the Bludgeoner (FoAK)                   Turns: 67333, Time: 02:42:15

Health: -16/188    AC: 38    Str: 26    XL:     23   Next: 62%
Magic:  0/43       EV: 16    Int: 16    God:    Lugonu [******]
Gold:   4584       SH: 17    Dex: 14    Spells: 29/35 levels left

rFire    + . .     SeeInvis +   z - +11 morningstar "Heseih Pass" {venom, *Drain +Rage rC+}
rCold    + + +     Faith    .   B - +2 kite shield {rF+}
rNeg     + + +     Spirit   +   C - +14 chain mail of Gozag's Fury {rElec rN+++ Str-3 Slay-6}
rPois    .         Reflect  .   (helmet unavailable)
rElec    +         Harm     .   L - +2 cloak {Stlth+}
rCorr    +         Rampage  .   A - +2 pair of gloves
MR       +++..                  k - +2 pair of boots of Igidam {Regen+}
Stlth    +.........             g - amulet of Crawling {Spirit Int+3 Dex+3}
HPRegen  0.81/turn              T - ring of Autumn {rC++ MR+ MP+9 Str+4}
MPRegen  0.28/turn              u - ring of resist corrosion

@: studying Dodging
A: permanent stasis, dig shafts and tunnels, four strong arms, antennae 3
}: 2/15 runes: barnacled, gossamer
a: Dig, Shaft Self, Depart the Abyss, Bend Space, Banish, Corrupt, Enter the
Abyss, Brand Weapon With Distortion, Renounce Religion


You were on level 4 of the Vaults.
You worshipped Lugonu.
Lugonu was exalted by your worship.
You visited 7 branches of the dungeon, and saw 38 of its levels.
You visited the Abyss 3 times.
You also visited: Ice Cave and Volcano.

You collected 5534 gold pieces.
You spent 950 gold pieces at shops.

Inventory:

Hand Weapons
 z - the +11 morningstar "Heseih Pass" (weapon) {venom, *Drain +Rage rC+}
   (You took it off a deep elf mage on level 7 of the Dungeon)

   It poisons the flesh of those it strikes.
   It protects you from cold.
   It lets you go berserk.
   It causes draining when unequipped.
Missiles
 m - 1164 bolts
 H - 8 curare-tipped darts (quivered)
Armour
 k - the +2 pair of boots of Igidam (worn) {Regen+}
   (You found it on level 6 of the Lair of Beasts)

   It increases your rate of regeneration.
 A - a +2 pair of gloves (worn)
 B - a +2 kite shield of fire resistance (worn)
 C - the +14 chain mail of Gozag's Fury (worn) {rElec rN+++ Str-3 Slay-6}
   (You found it on level 3 of the Elven Halls)

   It affects your strength (-3).
   It affects your accuracy and damage with ranged weapons and melee attacks
   (-6).
   It insulates you from electricity.
   It renders you almost immune to negative energy.
 L - a +2 cloak of stealth (worn)
Jewellery
 g - the amulet of Crawling (around neck) {Spirit Int+3 Dex+3}
   (You bought it in a shop on level 2 of the Orcish Mines)

   [amulet of guardian spirit]

   It causes incoming damage to be split between your health and magic.
   It affects your intelligence (+3).
   It affects your dexterity (+3).
 p - an uncursed ring of flight
 q - an uncursed ring of positive energy {unknown}
 u - a ring of resist corrosion (right hand)
 y - an uncursed ring of stealth
 T - the ring of Autumn (left hand) {rC++ MR+ MP+9 Str+4}
   (You took it off a deep elf sorcerer on level 3 of the Elven Halls)

   [ring of protection from magic]

   It affects your strength (+4).
   It greatly protects you from cold.
   It affects your resistance to hostile enchantments.
   It affects your magic capacity (+9).
Wands
 v - a wand of disintegration (46)
 w - a wand of iceblast (33)
 J - a wand of paralysis (44)
 O - a wand of acid (9)
 Q - a wand of digging (10)
Scrolls
 a - 14 scrolls of identify
 c - 9 scrolls of fear
 d - 17 scrolls of remove curse
 h - 2 scrolls of fog
 l - 9 scrolls of immolation
 r - 3 scrolls of holy word
 s - a scroll of enchant weapon
 x - 8 scrolls of amnesia
 M - 7 scrolls of magic mapping
 V - a scroll of silence
Potions
 b - 6 potions of brilliance
 e - a potion of cancellation
 f - 8 potions of ambrosia
 i - 8 potions of flight
 o - 2 potions of curing
 t - 4 potions of stabbing
 F - 4 potions of mutation
 G - a potion of resistance
 I - 2 potions of might
 U - a potion of heal wounds
 Y - 3 potions of magic
 Z - 4 potions of lignification
Books
 n - a manual of Dodging
Miscellaneous
 j - a condenser vane (2/2)
 D - a phial of floods
 E - a phantom mirror
 W - a tin of tremorstones (3/3)


   Skills:
 + Level 17.4 Fighting
 + Level 18.7 Maces & Flails
   Level 1.8 Crossbows
 * Level 15.6 Armour
 * Level 12.9 Dodging
 + Level 8.4 Stealth
 + Level 16.7 Shields
 + Level 6.7 Spellcasting
 * Level 9.7 Transmutations
 * Level 10.1 Earth Magic
 * Level 15.4 Invocations
 + Level 5.8 Evocations


You had 29 spell levels left.
You knew the following spells:

 Your Spells              Type           Power        Failure   Level
a - Statue Form           Tmut/Erth      #####....    77%         6

Your spell library contained the following spells:

 Spells                   Type           Power        Failure   Level
 Beastly Appendage        Tmut           #####.       1%          1
 Sandblast                Erth           #####.       1%          1
 Passwall                 Tmut/Erth      #####...     1%          2
 Wereblood                Tmut           #####...     1%          2
 Petrify                  Tmut/Erth      #####...     8%          4
 Spider Form              Tmut/Pois      ###.......   19%         3
 Blade Hands              Tmut           #####.....   24%         5
 Animate Skeleton         Necr           #.....       43%         1
 Apportation              Tloc           #.....       43%         1
 Corona                   Hex            #......      43%         1
 Magic Dart               Conj           #...         43%         1
 Pain                     Necr           #...         43%         1
 Shock                    Conj/Air       #...         43%         1
 Summon Small Mammal      Summ           #...         43%         1
 Leda's Liquefaction      Hex/Erth       ###.......   50%         4
 Ice Form                 Ice/Tmut       ###.....     54%         4
 Call Imp                 Summ           #.......     56%         2
 Corpse Rot               Necr/Air       N/A          56%         2
 Searing Ray              Conj           #.....       56%         2
 Slow                     Hex            #.......     56%         2
 Sublimation of Blood     Necr           #.........   56%         2
 Call Canine Familiar     Summ           #.......     80%         3
 Confusing Touch          Hex            #.......     80%         3
 Dazzling Flash           Conj/Hex       #.....       80%         3
 Gell's Gravitas          Tloc           #.........   80%         3
 Inner Flame              Hex/Fire       #.......     80%         3
 Mephitic Cloud           Conj/Pois/Air  #.......     80%         3
 Portal Projectile        Hex/Tloc       #.....       80%         3
 Static Discharge         Conj/Air       #.......     80%         3
 Summon Guardian Golem    Hex/Summ       #.......     80%         3
 Teleport Other           Tloc           #.......     80%         3
 Vampiric Draining        Necr           #.........   80%         3
 Alistair's Intoxication  Tmut/Pois      ###......    87%         5
 Yara's Violent Unravell  Hex/Tmut       ###.......   87%         5
 Airstrike                Air            #.........   99%         4
 Animate Dead             Necr           #.........   99%         4
 Cause Fear               Hex            #.........   99%         4
 Dispel Undead            Necr           #.......     99%         4
 Fulminant Prism          Conj/Hex       #.........   99%         4
 Hailstorm                Conj/Ice       #.......     99%         4
 Iskenderun's Mystic Bla  Conj/Tloc      #.......     99%         4
 Passage of Golubria      Tloc           N/A          99%         4
 Summon Ice Beast         Ice/Summ       #.......     99%         4
 Summon Lightning Spire   Summ/Air       #.......     99%         4
 Agony                    Necr           #.......     100%        5
 Excruciating Wounds      Necr           #.........   100%        5
 Lightning Bolt           Conj/Air       #.........   100%        5
 Metabolic Englaciation   Hex/Ice        #.........   100%        5
 Silence                  Hex/Air        #.........   100%        5
 Summon Demon             Summ           #.........   100%        5
 Freezing Cloud           Conj/Ice/Air   #.........   100%        6
 Chain Lightning          Conj/Air       #.........   100%        8
 Discord                  Hex            #.........   100%        8
 Disjunction              Tloc           #.........   100%        8
 Lehudib's Crystal Spear  Conj/Erth      ###.......   100%        8
 Absolute Zero            Ice            #.........   100%        9
 Fire Storm               Conj/Fire      #.........   100%        9
 Shatter                  Erth           #####.....   100%        9
 Swiftness                Air            Unusable     N/A         2

Dungeon Overview and Level Annotations

Branches:
Dungeon (15/15)            Temple (0/1) D:6            Lair (6/6) D:10
 Shoals (4/4) Lair:3       Spider (4/4) Lair:2        Slime (0/5) Lair:6
    Orc (2/2) D:10            Elf (3/3) Orc:2        Vaults (4/5) D:14
  Crypt (0/3) Vaults:3     Depths (0/5) D:15          IceCv (visited)
Volcano (visited)

Altars:
Cheibriados
Gozag
Kikubaaqudgha
Nemelex Xobeh
Qazlal
Ru
Sif Muna
Uskayaw
Wu Jian
Yredelemnul
Beogh

Shops:
D:5 (   D:15 [   Orc:2 }??=[   Elf:1 :?=*   Elf:3 ?   Shoals:2 }


Innate Abilities, Weirdness & Mutations

You cannot be hasted, slowed, berserked, paralysed or teleported.
You can dig through walls and to a lower floor.
Your four strong arms can wield two-handed weapons with a shield.
You have a pair of large antennae on your head. (SInv)


Message History

You block the vault warden's attack.
You block the ironbrand convoker's attack.
Unknown command.
You hit the vault warden.
The vault warden looks as sick as possible!
The vault warden is heavily wounded.
The yaktaur hits you.
* * * LOW HITPOINT WARNING * * *
The vault warden hits you with a +0 long sword!!!
* * * LOW HITPOINT WARNING * * *
You barely miss the vault warden.
The vault warden is heavily wounded.
You block the yaktaur's attack.
The ironbrand convoker points at the yaktaur and mumbles some strange words.
The yaktaur seems to grow stronger.
Unknown command.
Your chain mail of Gozag's Fury prevents you from hitting the vault warden.
The vault warden is heavily wounded.
The vault warden hits you with a +0 long sword!!!
You die...

######## #.........
.......# #.........
.......#########.........
.......#.......#.........
...^...+.......#pc.......
.......#.......#ooho.....
.(.....'......)#cpcc.....
......)#.......+@pceC....
.......#......[########'#
########.......# .##
######### { ..## { ...##
{ ....## { .....## {{
#.....##


You could see a vault warden (strong, extremely poisoned), a yaktaur captain
(strong), an orc knight (strong), an ettin, a vault sentinel (catching breath),
a deep elf knight (fast, invisible), an ironbrand convoker, 4 yaktaurs, a warg
(strong), an orc warrior (strong) and an orc priest (strong).

Vanquished Creatures
  Arachne (Spider:2)
  Asterion (Spider:3)
  A kraken (Shoals:4)
  A deep elf master archer (Elf:3)
  3 deep elf blademasters
  Gastronok (D:11)
  Roxanne (D:15)
  Ilsuiw (Shoals:2)
  9 vault wardens
  2 frost giants
  5 ghost moths
  2 fire giants
  11 deep elf sorcerers
  A ghoul (Vaults:1)
  6 deep elf elementalists
  6 emperor scorpions
  10 ironheart preservers
  5 stone giants
  8 entropy weavers
  The ghost of Feguytzu the Basher, a journeyman GrMo of Gozag (Spider:3)
  3 deep elf demonologists
  4 deep elf annihilators
  A spark wasp (Spider:4)
  2 merfolk javelineers
  Snorg (D:13)
  2 fire dragons
  10 merfolk impalers
  3 deep elf death magi (Elf:3)
  An ettin (Vaults:3)
  Josephine (D:10)
  13 yaktaur captains
  4 deep elf high priests (Elf:3)
  4 hydras
  3 merfolk avatars
  A catoblepas (D:13)
  9 boulder beetles
  An ice dragon (Vaults:3)
  4 vault guards
  7 centaur warriors
  An alligator snapping turtle (Shoals:4)
  4 death yaks (Lair:4)
  5 merfolk aquamancers
  41 two-headed ogres
  13 ogre magi
  4 satyrs
  21 dancing weapons
  A deep troll earth mage (Vaults:4)
  2 death knights
  2 orc high priests
  14 deep elf knights
  Urug (Lair:4)
  Sonja (D:10)
  2 shadow wraiths
  A skeletal warrior (D:15)
  7 sea snakes
  A storm dragon skeleton (Abyss:2)
  A spark wasp zombie (D:15)
  6 deep trolls
  2 flayed ghosts
  An obsidian statue (Spider:2)
  2 unseen horrors
  3 phantasmal warriors
  3 lindwurms
  10 deep elf archers
  2 glowing orange brains
  5 wizards
  6 orc knights
  2 necromancers
  A wolf spider zombie (D:15)
  11 ironbrand convokers
  19 harpies
  43 wolf spiders
  12 orb spiders
  63 deep elf magi
  A sphinx skeleton (Vaults:2)
  12 cyclopes
  A salamander (shapeshifter) (Vaults:3)
  A frost giant zombie (Vaults:2)
  An orc sorcerer (Elf:2)
  32 ugly things
  14 manticores
  20 fauns
  2 ice statues (IceCv)
  24 elephants
  4 moths of wrath
  6 black mambas
  10 vault sentinels
  A guardian serpent (shapeshifter) (Vaults:2)
  3 orange demons (Elf:1)
  A torpor snail (Spider:1)
  16 merfolk sirens
  2 molten gargoyles (Lair:6)
  Maurice (D:10)
  4 water nymphs
  2 gargoyles
  Psyche (D:10)
  8 cane toads
  A kobold demonologist (D:11)
  36 yaktaurs
  16 demonic crawlers
  5 freezing wraiths
  4 rime drakes
  An entropy weaver simulacrum (Vaults:2)
  13 komodo dragons
  A guardian mummy (D:15)
  A troll (shapeshifter) (Vaults:3)
  9 trolls
  A queen bee (shapeshifter) (Vaults:2)
  4 hornets
  2 meliai (shapeshifter) (Vaults:2)
  34 jumping spiders
  A large abomination (Abyss:2)
  A polar bear (Lair:2)
  8 wind drakes
  A wolf spider simulacrum (D:14)
  4 blink frogs (Lair:6)
  19 slime creatures
  2 spriggan zombies (D:15)
  35 merfolk
  8 dream sheep (Shoals:3)
  A blink frog (shapeshifter) (Vaults:3)
  9 snapping turtles
  A frost giant simulacrum (Vaults:3)
  3 air elementals
  Sigmund (D:6)
  12 water elementals
  29 tarantellas
  A shadow (D:14)
  A fire dragon skeleton (D:15)
  90 redbacks
  Eustachio (D:6)
  A vampire (D:15)
  A basilisk (shapeshifter) (Vaults:3)
  9 wraiths
  A spriggan (shapeshifter) (Vaults:4)
  A fire bat (shapeshifter) (Vaults:3)
  9 wyverns
  2 steam dragons (Lair:6)
  52 yaks
  A vampire mosquito (Spider:3)
  Menkaure (D:5)
  6 basilisks
  A chaos spawn (Abyss:2)
  4 wargs
  2 acid dragons
  A water moccasin (shapeshifter) (Vaults:3)
  22 water moccasins
  7 hell hounds
  A black bear (shapeshifter) (Vaults:1)
  21 orc warriors
  2 sky beasts
  19 ice beasts
  3 black bears
  An eye of draining (shapeshifter) (Vaults:1)
  5 phantoms
  A small abomination (Abyss:2)
  22 wolves
  An elf skeleton (Vaults:2)
  39 ogres
  6 boggarts
  24 centaurs
  Blork the orc (Orc:1)
  A wyvern zombie (D:10)
  4 big kobolds
  21 bullfrogs
  2 gnoll sergeants
  2 earth elementals (Elf:2)
  6 scorpions
  3 human simulacra
  An orc simulacrum (Vaults:2)
  21 killer bees
  18 wights
  3 electric eels
  A howler monkey (D:4)
  5 lava snakes (Lair:6)
  3 quasits
  6 bullfrog zombies
  A bullfrog skeleton (D:10)
  3 centaur zombies
  8 hounds
  18 orc priests
  8 jellies
  25 orc wizards
  3 centaur skeletons
  Terence (D:2)
  4 iguanas
  15 worker ants
  8 gnolls
  A howler monkey skeleton (D:8)
  18 adders
  2 shadow imps
  5 white imps
  4 ufetubi
  An ooze (D:4)
  An adder skeleton (D:5)
  A worm (D:2)
  3 dart slugs
  5 leopard geckos
  70 orcs
  2 bats
  5 giant cockroaches
  8 goblins
  6 hobgoblins
  8 jackals
  28 kobolds
  4 quokkas
  A ball python (D:2)
  A ball python skeleton (D:4)
  8 frilled lizards
  A jackal skeleton (D:5)
  A leopard gecko skeleton (D:7)
  10 rats
  2 crawling corpses (Elf:3)
  5 tentacles (Shoals:4)
1645 creatures vanquished.

Vanquished Creatures (collateral kills)
  A merfolk impaler (Shoals:4)
1 creature vanquished.

Vanquished Creatures (others)
  A harpy (Shoals:1)
  An ugly thing (IceCv)
  A merfolk (Shoals:3)
  4 centaurs
  75 fungi
  153 plants
  26 tentacles (Shoals:4)
  4 withered plants (D:15)
265 creatures vanquished.

Grand Total: 1911 creatures vanquished

Notes
Turn   | Place    | Note
-------+----------+-------------------------------------------
     0 | Abyss:1  | marklar909 the Formicid Abyssal Knight began the quest for
                  | the Orb.
     0 | Abyss:1  | Reached XP level 1. HP: 18/18 MP: 2/2
    44 | Abyss:1  | Found a corrupted altar of Lugonu.
    66 | Abyss:2  | Noticed a cyan ugly thing
    66 | Abyss:2  | Noticed a cyan very ugly thing
    74 | Abyss:2  | Noticed a large abomination
    88 | D:1      | Escaped the Abyss
   214 | D:1      | Reached XP level 2. HP: 17/24 MP: 3/3
   329 | D:1      | Reached * piety under Lugonu
   426 | D:1      | Reached skill level 1 in Dodging
   668 | D:1      | Reached XP level 3. HP: 23/30 MP: 4/4
  1279 | D:2      | Reached XP level 4. HP: 24/37 MP: 5/5
  1863 | D:2      | Reached ** piety under Lugonu
  2009 | D:2      | Noticed Terence
  2698 | D:2      | Reached skill level 3 in Maces & Flails
  3144 | D:3      | Noticed an ogre
  4051 | D:3      | Reached XP level 5. HP: 42/42 MP: 6/6
  4098 | D:3      | Killed an ogre
  4098 | D:3      | Reached skill level 1 in Stealth
  4289 | D:3      | Found a shimmering blue altar of Sif Muna.
  4289 | D:3      | Found a sparkling altar of Nemelex Xobeh.
  4289 | D:3      | Found a snail-covered altar of Cheibriados.
  4408 | D:4      | Found an opulent altar of Gozag.
  4796 | D:4      | Reached XP level 6. HP: 29/49 MP: 7/7
  5183 | D:4      | Reached skill level 4 in Maces & Flails
  5237 | D:4      | Found a basalt altar of Yredelemnul.
  6215 | D:2      | Killed Terence
  6347 | D:5      | Entered Level 5 of the Dungeon
  6367 | D:5      | Reached XP level 7. HP: 49/55 MP: 8/8
  6463 | D:5      | Found a sacrificial altar of Ru.
  6521 | D:5      | Reached skill level 5 in Fighting
  7045 | D:5      | Reached skill level 5 in Maces & Flails
  7340 | D:5      | Reached XP level 8. HP: 55/63 MP: 9/9
  7442 | D:5      | Reached skill level 5 in Armour
  7781 | D:5      | Noticed Menkaure
  7799 | D:5      | Killed Menkaure
  7799 | D:5      | Reached skill level 6 in Maces & Flails
  7927 | D:5      | Found Tittum's Weapon Emporium.
  8611 | D:6      | Found a staircase to the Ecumenical Temple.
  8674 | D:6      | Noticed Sigmund
  8690 | D:6      | Killed Sigmund
  8690 | D:6      | Reached XP level 9. HP: 37/69 MP: 10/10
  8856 | D:6      | Found an ornate altar of the Wu Jian Council.
  8872 | D:6      | Reached skill level 7 in Maces & Flails
  8978 | D:6      | Got a fine leather armour
  9386 | D:6      | Noticed Eustachio
  9402 | D:6      | Killed Eustachio
  9576 | D:6      | Got a brightly glowing leather armour
  9716 | D:7      | Reached *** piety under Lugonu
  9801 | D:7      | Found a stormy altar of Qazlal.
 10144 | D:7      | Reached skill level 8 in Maces & Flails
 10469 | D:7      | Found a runed translucent door.
 10469 | D:7      | Found a runed translucent door.
 10469 | D:7      | Found a runed translucent door.
 10469 | D:7      | Noticed a freezing wraith
 11187 | D:8      | Reached XP level 10. HP: 79/79 MP: 11/11
 11272 | D:8      | Reached skill level 9 in Maces & Flails
 12336 | D:9      | Reached **** piety under Lugonu
 13029 | D:9      | Reached skill level 10 in Maces & Flails
 13951 | D:10     | Entered Level 10 of the Dungeon
 14135 | D:10     | Reached XP level 11. HP: 85/86 MP: 14/14
 14164 | D:10     | Reached ***** piety under Lugonu
 14169 | D:10     | Reached skill level 5 in Invocations
 14212 | D:10     | Noticed Josephine
 14234 | D:10     | Killed Josephine
 14258 | D:10     | Reached skill level 5 in Dodging
 14433 | D:10     | Reached skill level 11 in Maces & Flails
 15024 | D:10     | Found a staircase to the Orcish Mines.
 15086 | D:10     | Found a staircase to the Lair.
 15790 | D:7      | Reached skill level 1 in Shields
 16347 | D:7      | Identified the +11 morningstar "Heseih Pass" {venom, *Drain
                  | +Rage rC+}
 16347 | D:7      | Noticed a deep elf mage
 16349 | D:7      | Noticed a sixfirhy
 16374 | D:7      | Killed a deep elf mage
 16990 | D:10     | Noticed Sonja
 17002 | D:10     | Killed Sonja
 17002 | D:10     | Reached XP level 12. HP: 96/96 MP: 17/17
 17206 | D:10     | Noticed Psyche
 17212 | D:10     | Cast into level 1 of the Abyss (Psyche)
 17252 | D:10     | Escaped the Abyss
 17256 | D:10     | Killed Psyche
 17380 | D:10     | Noticed Maurice
 17390 | D:10     | Killed Maurice
 17589 | Lair:1   | Entered Level 1 of the Lair of Beasts
 17704 | Lair:1   | Reached skill level 12 in Maces & Flails
 17760 | Lair:1   | Reached skill level 1 in Evocations
 17815 | Lair:1   | Got a shimmering plate armour
 18346 | Lair:2   | Noticed a seven-headed hydra
 18433 | Lair:2   | Killed a seven-headed hydra
 18786 | Lair:2   | Found a hole to the Spider Nest.
 18789 | Lair:2   | Found a dark tunnel.
 18806 | Volcano  | Entered a volcano
 18896 | Volcano  | Noticed a two-headed ogre
 18904 | Volcano  | Killed a two-headed ogre
 18904 | Volcano  | Reached skill level 10 in Fighting
 19053 | Volcano  | Noticed a two-headed ogre
 19053 | Volcano  | Noticed a two-headed ogre
 19068 | Volcano  | Killed a two-headed ogre
 19077 | Volcano  | Killed a two-headed ogre
 19077 | Volcano  | Reached skill level 5 in Shields
 20229 | Lair:2   | Reached XP level 13. HP: 103/103 MP: 19/19
 20619 | Lair:3   | Found a frozen archway.
 20678 | IceCv    | Entered an ice cave
 20827 | IceCv    | Found a transporter.
 20847 | IceCv    | Reached skill level 13 in Maces & Flails
 20854 | IceCv    | Found a transporter.
 21885 | Lair:3   | Found a staircase to the Shoals.
 22769 | Lair:4   | Noticed Urug
 22786 | Lair:4   | Killed Urug
 22920 | Lair:4   | Reached XP level 14. HP: 91/113 MP: 21/21
 23126 | Lair:4   | Reached skill level 14 in Maces & Flails
 23403 | Lair:4   | Reached skill level 10 in Invocations
 23915 | Lair:4   | Got a fine ring mail
 24269 | Lair:5   | Reached ****** piety under Lugonu
 24411 | Lair:5   | Reached skill level 10 in Armour
 25210 | Lair:5   | Identified the cursed +1 leather armour "Kuche" {*Drain
                  | rPois rF++ SInv} (You found it on level 6 of the Dungeon)
 25211 | Lair:5   | Identified the +5 leather armour of Divine Intervention
                  | {rF+++ rN+} (You found it on level 6 of the Dungeon)
 25213 | Lair:5   | Identified the +2 ring mail of Objectivity {*Slow +Inv rF+}
                  | (You found it on level 4 of the Lair of Beasts)
 25218 | Lair:5   | Identified the +5 plate armour of Vygup {rPois MR+} (You
                  | found it on level 1 of the Lair of Beasts)
 25258 | Lair:6   | Entered Level 6 of the Lair of Beasts
 25869 | Lair:6   | Found a staircase to the Slime Pits.
 25898 | Lair:6   | Got a pair of fine boots
 25899 | Lair:6   | Identified the +2 pair of boots of Igidam {Regen+} (You
                  | found it on level 6 of the Lair of Beasts)
 26388 | Lair:6   | Reached skill level 15 in Maces & Flails
 26529 | Lair:6   | Reached XP level 15. HP: 114/120 MP: 23/23
 26570 | Lair:6   | Found a large runed translucent door.
 26603 | Lair:6   | Found a large runed translucent door.
 26844 | Lair:6   | Identified the Handbook of the Road Less Travelled
 27529 | Orc:1    | Entered Level 1 of the Orcish Mines
 27842 | Orc:1    | Found a roughly hewn altar of Beogh.
 27910 | Orc:1    | You fall into a shaft and drop 1 floor!
 27910 | Orc:2    | Entered Level 2 of the Orcish Mines
 28306 | Orc:2    | Reached skill level 16 in Maces & Flails
 28450 | Orc:2    | Found Borotiadd's Magic Scroll Shoppe.
 28450 | Orc:2    | Found Beesurghuiti's Antique Armour Boutique.
 28450 | Orc:2    | Found Jagas's Magic Scroll Shop.
 28450 | Orc:2    | Found Gyugu's Jewellery Shoppe.
 28456 | Orc:2    | Bought a scroll of identify for 28 gold pieces
 28456 | Orc:2    | Bought a scroll of identify for 28 gold pieces
 28456 | Orc:2    | Bought a scroll of identify for 28 gold pieces
 28456 | Orc:2    | Bought a scroll of identify for 28 gold pieces
 28457 | Orc:2    | Bought a scroll of identify for 24 gold pieces
 28502 | Orc:2    | Found a staircase to the Elven Halls.
 28894 | Orc:2    | Found Puppem's Gadget Shoppe.
 29379 | Orc:1    | Noticed Blork the orc
 29405 | Orc:1    | Cast into level 2 of the Abyss (orc knight)
 29490 | Orc:1    | Escaped the Abyss
 29748 | Orc:1    | Killed Blork the orc
 30332 | D:11     | Noticed Gastronok
 30341 | D:11     | Killed Gastronok
 30558 | D:11     | Reached XP level 16. HP: 129/129 MP: 24/24
 30560 | D:11     | Reached skill level 10 in Shields
 32137 | D:13     | Noticed Snorg
 32145 | D:13     | Killed Snorg
 32853 | D:14     | Found a gate to the Vaults.
 32972 | D:15     | Entered Level 15 of the Dungeon
 33358 | D:15     | Found a staircase to the Depths.
 33848 | D:15     | Noticed a fire giant
 33852 | D:15     | Found a basalt altar of Yredelemnul.
 33852 | D:15     | Found a hide-covered altar of Uskayaw.
 33864 | D:15     | HP: 4/132 [fire giant/+3 great sword of flaming (3)]
 33874 | D:15     | Killed a fire giant
 34104 | D:15     | Identified Roxanne's Compendium of Stones
 34104 | D:15     | Noticed Roxanne
 34516 | D:15     | Reached XP level 17. HP: 138/138 MP: 26/26
 34543 | D:15     | Found Toatur's Antique Armour Shoppe.
 34700 | D:15     | Killed Roxanne
 35062 | Orc:2    | Bought the amulet of Crawling {Spirit Int+3 Dex+3} for 644
                  | gold pieces
 35366 | Shoals:1 | Entered Level 1 of the Shoals
 35376 | Shoals:1 | Reached skill level 1 in Crossbows
 36127 | Shoals:1 | Reached skill level 17 in Maces & Flails
 37320 | Shoals:2 | Noticed Ilsuiw
 37350 | Shoals:2 | Killed Ilsuiw
 37531 | Shoals:2 | Found Hylennut's Gadget Emporium.
 38796 | Shoals:3 | Reached skill level 5 in Stealth
 39155 | Shoals:3 | Reached XP level 18. HP: 134/148 MP: 22/27
 39235 | Shoals:3 | Reached skill level 15 in Fighting
 39643 | Shoals:3 | Got a bloodstained plate armour
 40128 | Shoals:3 | Reached skill level 5 in Evocations
 40305 | Shoals:4 | Entered Level 4 of the Shoals
 40525 | Shoals:4 | Found a stormy altar of Qazlal.
 41530 | Shoals:4 | Got a faintly humming leather armour
 41953 | Shoals:4 | Noticed a kraken
 42027 | Shoals:4 | HP: 4/149 [alligator snapping turtle (14)]
 42370 | Shoals:4 | Killed a kraken
 42504 | Shoals:4 | Got a barnacled rune of Zot
 42963 | D:10     | Identified the +5 plate armour of the Lich-sworn {rPois rF+
                  | MR++ SInv} (You found it on level 3 of the Shoals)
 42964 | D:10     | Identified the cursed +1 leather armour of Exclusion {rF+}
                  | (You found it on level 4 of the Shoals)
 43038 | D:10     | Learned a level 6 spell: Statue Form
 43118 | Spider:1 | Entered Level 1 of the Spider Nest
 43193 | Spider:1 | Reached skill level 1 in Earth Magic
 43415 | Spider:1 | Got a heavily runed plate armour
 43463 | Spider:1 | Reached skill level 1 in Transmutations
 43664 | Spider:1 | Reached skill level 1 in Spellcasting
 44098 | Spider:1 | Reached XP level 19. HP: 145/155 MP: 26/28
 45886 | Spider:2 | Noticed Arachne
 45915 | Spider:2 | Killed Arachne
 46942 | Spider:3 | Noticed Asterion
 46984 | Spider:3 | Killed Asterion
 47774 | Spider:3 | Found a large runed translucent door.
 47774 | Spider:3 | Found a large runed translucent door.
 47775 | Spider:3 | Noticed Feguytzu's ghost (journeyman GrMo)
 48056 | Spider:3 | Killed Feguytzu's ghost
 48138 | Spider:4 | Entered Level 4 of the Spider Nest
 48821 | Spider:4 | Reached XP level 20. HP: 161/164 MP: 28/30
 48900 | Spider:3 | Reached skill level 5 in Transmutations
 48904 | Spider:3 | Reached skill level 5 in Earth Magic
 49883 | Spider:4 | Got a gossamer rune of Zot
 50103 | Spider:4 | Identified the +1 plate armour "Notif" {Int+4} (You found
                  | it on level 1 of the Spider Nest)
 50463 | Elf:1    | Entered Level 1 of the Elven Halls
 50563 | Elf:1    | Identified Sif Muna's Guide on Curses and Conjuration
 50870 | Elf:1    | Found Nomuod's General Store.
 50870 | Elf:1    | Found Qaubb's Jewellery Shoppe.
 50874 | Elf:1    | Found Izij's Magic Scroll Emporium.
 50878 | Elf:1    | Bought a scroll of identify for 34 gold pieces
 50878 | Elf:1    | Bought a potion of magic for 136 gold pieces
 51192 | Elf:1    | Identified Puyzujiw's Grimoire of Supportive Battle Magic
 51240 | Elf:1    | Found Hiec's Book Shop.
 51725 | Elf:2    | Found a huge runed translucent gate.
 51725 | Elf:2    | Found a huge runed translucent gate.
 51726 | Elf:2    | Found a huge runed translucent gate.
 51727 | Elf:2    | Found a huge runed translucent gate.
 51733 | Elf:2    | Found a huge runed translucent gate.
 51748 | Elf:2    | Reached skill level 10 in Dodging
 52122 | Elf:2    | Reached skill level 5 in Spellcasting
 52384 | Elf:2    | Reached skill level 18 in Maces & Flails
 52967 | Elf:2    | Reached XP level 21. HP: 155/171 MP: 29/31
 53173 | Elf:3    | Entered Level 3 of the Elven Halls
 53238 | Elf:3    | Found Henew's Magic Scroll Emporium.
 54237 | Elf:3    | HP: 8/172 [deep elf blademaster/+1 rapier of draining (4)]
 54240 | Elf:3    | Reached skill level 15 in Shields
 56836 | Elf:3    | Identified the amulet of Wegorgh {Reflect rC+++ Int-2 SH+5}
 57051 | Elf:3    | HP: 7/172 [deep elf sorcerer/+0 long sword (9)]
 57757 | Elf:3    | Identified the +8 flail of Onol {freeze, Int+4}
 57761 | Elf:3    | Identified the ring of Autumn {rC++ MR+ MP+9 Str+4}
 58485 | Elf:3    | Identified the Handbook of the Harmful Compass
 59554 | Elf:3    | Got a faintly glowing plate armour
 59561 | Elf:3    | Got a translucent chain mail
 59567 | Elf:3    | Identified the +0 plate armour "Gaistipn" {Int+2} (You
                  | found it on level 3 of the Elven Halls)
 59568 | Elf:3    | Identified the +14 chain mail of Gozag's Fury {rElec rN+++
                  | Str-3 Slay-6} (You found it on level 3 of the Elven Halls)
 59909 | Vaults:1 | Entered Level 1 of the Vaults
 60629 | Vaults:1 | Reached XP level 22. HP: 180/180 MP: 32/32
 62071 | Vaults:1 | Reached skill level 15 in Armour
 63072 | Vaults:2 | Got a bound copper amulet
 63487 | Vaults:2 | Found the +4 dagger "Morg" {pain, MR+ Int+5}
 64516 | Vaults:2 | Identified the amulet "Tinepil" {Acrobat rF++ Stlth+} (You
                  | found it on level 2 of the Vaults)
 64588 | Vaults:3 | Reached skill level 15 in Invocations
 64721 | Vaults:3 | Reached XP level 23. HP: 179/187 MP: 34/34
 65770 | Vaults:3 | Found a staircase to the Crypt.
 65770 | Vaults:3 | Found an ancient bone altar of Kikubaaqudgha.
 65771 | Vaults:3 | Found a basalt altar of Yredelemnul.
 66207 | Vaults:3 | Reached skill level 10 in Earth Magic
 67333 | Vaults:4 | Demolished by a vault warden

Illustrated notes

Levels and vault maps discovered:
D:1:      lightli_molten_gateway, layout_rooms, minmay_tetromino_i2
D:2:      layout_loops_cross, minmay_fractal_squares_5, uniq_terence
D:3:      layout_basic, gammafunk_temple_overflow_claw
D:4:      layout_basic, nicolae_gozag_seed_capital, marbit_many_paths
D:5:      layout_rooms, nicolae_overflow_hidden_temple, serial_shops,
          kennysheep_mini, kennysheep_generic_room_16, uniq_menkaure
D:6:      layout_basic, overflow_temple_1_default,
          minmay_temple_entry_antechambers, uniq_eustachio, uniq_sigmund
D:7:      minmay_the_grid_triangle_9x9_rhombus_full
          [minmay_the_grid_triangle_9x9_checkered,
          minmay_the_grid_triangle_9x9_minimal,
          minmay_the_grid_triangle_9x9_alien,
          minmay_the_grid_triangle_9x9_fully_insulated_deathbox,
          minmay_the_grid_triangle_9x9_corruption,
          minmay_the_grid_triangle_9x9_stretched_checkered,
          minmay_the_grid_triangle_9x9_limited_checkers,
          minmay_the_grid_triangle_9x9_prize_schism], layout_loops_ring,
          overflow_temple_1_default
D:8:      layout_basic
D:9:      layout_long_grid
D:10:     layout_basic, due_lair_maze_entry_diamond, david_orc_4, uniq_maurice,
          uniq_josephine, uniq_psyche, uniq_sonja
D:11:     layout_loops_ring, uniq_gastronok
D:12:     layout_gridville
D:13:     layout_roguey, uniq_snorg
D:14:     layout_big_octagon, skrybe_vaults_entry_preservation
D:15:     gammafunk_depths_entry_grave, layout_basic,
          chequers_serial_rivers_large_a, serial_shops, nicolae_shop_trees,
          jmf_multi_god_temple, uniq_roxanne
Lair:1:   layout_cave_pods
Lair:2:   layout_long_grid, spider_nest_entry_web_field, enter_volcano_1,
          infiniplex_staircase_pool, grunt_megastairs_2, serial_bayou_shore_b,
          serial_bayou_shore_a
Lair:3:   layout_loops_ring, elwin_shoals_entry_stream,
          portal_ice_cave_entry_ice_beasts
Lair:4:   beast_lair_carwin_large_3, layout_loops_ring, uniq_urug
Lair:5:   layout_hall_layers, beast_lair_carwin_5
Lair:6:   cheibrodos_lair_end_hotspot, layout_concentric_octagons, slime_dummy
Shoals:1: layout_shoals
Shoals:2: layout_shoals, serial_shops, shop_statue, uniq_ilsuiw
Shoals:3: layout_shoals, hangedman_shoals_cup_caves
Shoals:4: shoals_end_hangedman, layout_shoals, lemuel_centaur_altar
Spider:1: layout_chambers
Spider:2: spider_temple_joshua, drop_trap, uniq_arachne
Spider:3: layout_spider_delve, ebering_ghost_disaster_area,
          einodemon_crawler_minivault, uniq_asterion
Spider:4: grunt_spider_rune_island, guppyfry_spider_mini_3
Orc:1:    layout_caves, basic_altar, sword_in_stone
Orc:2:    st_orc_ogre_mass, layout_caves, serial_shops, shop
Elf:1:    eino_elf_arrival_sip, layout_loops_corners, serial_shops, shop_statue,
          minmay_elf_sorcery, einodemon_barbed_minivault, minmay_shop_star
Elf:2:    layout_geoelf_octagon, hex_intersection
Elf:3:    minmay_elf_hall_spiked, layout_geoelf_octagon, serial_shops, shop
Vaults:1: vaults_mumra_minichess, ontoclasm_vaults_gateway, v_misc_2,
          hangedman_vaults_variations, nicolae_vaults_border_crossing,
          dpeg_vaults_monster_box, ontoclasm_vaults_fault, vaults_room_pools,
          layout_vaults_chaotic_city
Vaults:2: v_misc_12, vaults_room_fours, nicolae_vaults_asterisk,
          ontoclasm_vaults_misaligned, nicolae_vaults_arrows,
          nicolae_vaults_little_ls, v_rooms_6, vaults_room_fancy_cross,
          ontoclasm_vaults_water_temple, vaults_room_door_hall,
          ontoclasm_vaults_pinch, hangedman_vaults_locks, layout_vaults_omnigrid
Vaults:3: v_misc_2, nicolae_vaults_stairing_the_circle,
          hangedman_vaults_river_flow, minmay_crypt_entry_necro_gods,
          vaults_room_corners, v_rooms_3, v_misc_23, v_misc_28, st_cells,
          vaults_room_stairs_pillars, layout_vaults_maze_snakey
Vaults:4: ontoclasm_vaults_claustrophobia, nicolae_vaults_little_squares_1,
          v_alt_pattern_2, vaults_mumra_lcd, nicolae_vaults_little_squares_4,
          ontoclasm_vaults_eye, vaults_standard_mumra_enter_the_diamond,
          nicolae_vaults_diagonal_hallway_8, hangedman_vaults_trim,
          layout_vaults_omnibox

Skill      XL: |  1  2  3  4  5  6  7  8  9 10 11 12 13 14 15 16 17 18 19 20 21 22 23 |
---------------+----------------------------------------------------------------------+-----
Dodging        | 1 2 3 4 5 6 7 8 9 10 11 12 | 12.9
Fighting       | 4 5 6 7 8 9 10 11 12 13 14 15 16 17 | 17.4
Maces & Flails | 3 4 5 6 8 10 11 12 13 15 16 17 18 | 18.7
Armour         | 3 4 5 6 7 8 9 10 11 12 13 14 15 | 15.6
Stealth        | 1 2 3 5 8 |  8.4
Invocations    | 4 6 8 9 11 12 13 14 15 | 15.4
Shields        | 2 5 7 8 9 11 12 13 14 15 16 | 16.7
Evocations     | 1 4 5 |  5.8
Crossbows      | 1 |  1.8
Earth Magic    | 2 4 6 8 9 10 | 10.1
Transmutations | 2 4 6 7 9 |  9.7
Spellcasting   | 1 3 5 6 |  6.7

Action                   |  1- 3 |  4- 6 |  7- 9 | 10-12 | 13-15 | 16-18 | 19-21 | 22-24 || total
-------------------------+-------+-------+-------+-------+-------+-------+-------+-------++-------
Melee: Mace              |    84 |   168 |   405 |   207 |       |       |       |       ||   864
       Flail             |       |       |       |   448 |       |       |       |       ||   448
       Morningstar       |       |       |       |   237 |  1074 |  1627 |  1676 |  1367 ||  5981
Invok: Depart the Abyss  |     1 |       |       |     1 |       |       |       |       ||     2
       Banish            |       |       |       |       |       |     5 |       |       ||     5
 Abil: Dig               |       |     2 |     3 |     8 |    14 |    22 |     7 |       ||    56
       Evoke Invisibilit |       |       |       |       |       |    28 |       |       ||    28
Evoke: Wand              |       |       |     3 |     2 |       |       |     2 |       ||     7
       Phantom mirror    |       |       |       |       |       |     1 |     1 |       ||     2
       Condenser vane    |       |       |       |       |       |       |     1 |       ||     1
  Use: Scroll            |     4 |     4 |    15 |     5 |    10 |    10 |     9 |     3 ||    60
       Potion            |       |       |       |     3 |       |    10 |     9 |     1 ||    23
 Stab: Distracted        |       |       |       |       |     1 |     1 |       |       ||     2
       Sleeping          |       |       |       |       |     1 |       |       |       ||     1
       Invisible         |       |       |       |       |       |    86 |       |       ||    86
Armor: Leather armour    |    22 |    15 |       |       |       |    63 |       |       ||   100
       Ring mail         |       |    33 |       |       |       |   145 |       |       ||   178
       Scale mail        |       |     1 |   201 |   349 |   269 |       |       |       ||   820
       Skin              |       |       |       |    15 |       |       |       |       ||    15
       Chain mail        |       |       |       |       |    67 |   139 |    85 |   447 ||   738
       Plate armour      |       |       |       |       |       |    84 |   822 |       ||   906
Dodge: Dodged            |    53 |    85 |   263 |   533 |   561 |   808 |   635 |   566 ||  3504
Block: Kite shield       |       |       |       |       |   355 |  1023 |  1125 |  1042 ||  3545

Table legend: (Time is in decaauts)
 A = Elapsed time spent in this place.
 B = Non-inter-level travel time spent in this place.
 C = Inter-level travel time spent in this place.
 D = Time resting spent in this place.
 E = Time spent auto-exploring this place.
 F = Levels seen in this place.
 G = Mean time per level.
                   A        B        C        D        E       F      G
               +--------+--------+--------+--------+--------+-----+--------+
         Total |  66337 |  57586 |   8751 |  14005 |  30034 |  44 | 1507.7 |
       Dungeon |  23636 |  20751 |   2885 |   4607 |  11803 |  15 | 1575.7 |
          Lair |   9354 |   7937 |   1417 |   1025 |   5565 |   6 | 1559.0 |
        Shoals |   6872 |   5432 |   1440 |   1797 |   1771 |   4 | 1718.0 |
   Spider Nest |   6740 |   6107 |    633 |   1136 |   3629 |   4 | 1685.0 |
  Orcish Mines |   2595 |   1982 |    613 |    388 |   1087 |   2 | 1297.5 |
   Elven Halls |   8742 |   7339 |   1403 |   3114 |   2640 |   3 | 2914.0 |
        Vaults |   6722 |   6364 |    358 |   1043 |   3439 |   4 | 1680.5 |
         Abyss |    208 |    208 |      0 |      0 |     33 |   4 |   52.0 |
      Ice Cave |    583 |    583 |      0 |    403 |      6 |   1 |  583.0 |
       Volcano |    881 |    881 |      0 |    492 |     59 |   1 |  881.0 |
               +--------+--------+--------+--------+--------+-----+--------+

Top non-repeatable levels by time:
   Elf:3: 3962 daAuts
   Elf:2: 3517 daAuts
    D:10: 3312 daAuts
Vaults:2: 2795 daAuts
     D:7: 2580 daAuts
Shoals:3: 2561 daAuts
Vaults:1: 2290 daAuts
  Lair:3: 2033 daAuts
Spider:1: 1982 daAuts
     D:1: 1940 daAuts
   Orc:2: 1930 daAuts
     D:5: 1910 daAuts
Shoals:4: 1884 daAuts
     D:2: 1840 daAuts
  Lair:6: 1761 daAuts
